 Dungeon Crawl Stone Soup version 0.23.0-3-gf3c87f2df8 (webtiles) character file.

Game seed: 9706007800748439998

427 Ivernyr the Changer (level 6, 0/30 HPs)
             Began as a Vine Stalker Transmuter on Feb 21, 2019.
             Slain by Duvessa
             ... wielding a +0 short sword
              (1 damage)
             ... on level 4 of the Dungeon.
             The game lasted 00:13:39 (3615 turns).

Ivernyr the Changer (Vine Stalker Transmuter)       Turns: 3615, Time: 00:13:39

Health: 0/30       AC:  2    Str: 13    XL:     6   Next: 97%
Magic:  0/12       EV: 21    Int: 15    God:
Gold:   146        SH:  0    Dex: 19    Spells: 6/12 levels left

rFire    . . .     SeeInvis .     - Unarmed
rCold    + . .     Gourm    .   (shield currently unavailable)
rNeg     . . .     Faith    .   (armour currently unavailable)
rPois    x         Spirit   +   (helmet currently unavailable)
rElec    .         Reflect  .   (cloak currently unavailable)
rCorr    .         Harm     .   (gloves currently unavailable)
MR       .....                  (boots currently unavailable)
Stlth    ++........             (no amulet)
HPRegen  0.50/turn              p - ring of wizardry
MPRegen  0.13/turn              u - ring of protection from cold

@: spider-form, very slightly contaminated
A: tiny, regeneration 1, magic shield, no potion heal 3, rot immunity
a: End Transformation


You were on level 4 of the Dungeon.
You were hungry.
You were a venomous arachnid creature.
You visited 1 branch of the dungeon, and saw 4 of its levels.

You collected 146 gold pieces.

Inventory:

Missiles
 a - 34 arrows
Armour
 b - a +0 robe (melded)
 n - a scarf of cloud immunity (melded)
Jewellery
 p - a ring of wizardry (left front leg)
 u - a ring of protection from cold (right front leg)
Wands
 o - a wand of iceblast (10)
 q - a wand of paralysis (10)
Scrolls
 c - 3 scrolls of identify {unknown}
 i - a scroll of blinking {unknown}
 j - a scroll of fog {unknown}
 k - a scroll of remove curse {unknown}
 m - a scroll of immolation {unknown}
 r - a scroll of enchant armour {unknown}
Potions
 e - 2 potions of invisibility {unknown}
 f - a potion of lignification {unknown}
 g - 3 potions of curing {unknown}
 h - a potion of berserk rage {unknown}
 l - a potion of might {unknown}
 s - a potion of ambrosia {unknown}
 t - a potion of resistance {unknown}
Comestibles
 d - 13 rations


   Skills:
 - Level 1.0 Fighting
 + Level 3.0 Dodging
 + Level 4.2 Unarmed Combat
 + Level 3.7 Spellcasting
 * Level 4.7 Transmutations


You had 6 spell levels left.
You knew the following spells:

 Your Spells              Type           Power        Failure   Level  Hunger
a - Beastly Appendage     Tmut           ###...       4%          1    None
b - Sticks to Snakes      Tmut           ###.....     5%          2    ##.....
c - Spider Form           Tmut/Pois      #.........   19%         3    ###....

Your spell library contained the following spells:

 Spells                   Type           Power        Failure   Level  Hunger
 Ice Form                 Ice/Tmut       #.......     43%         4    ####...
 Blade Hands              Tmut           ###.......   45%         5    ######.


Dungeon Overview and Level Annotations

Branches:
Dungeon (4/15)
 Temple: D:4-7

Altars:
Elyvilon
Sif Muna
Trog

Annotations:
D:4 Duvessa


Innate Abilities, Weirdness & Mutations

((You have extremely sharp teeth.))
Your natural rate of healing is unusually fast.
When hurt, damage is shared between your health and your magic reserves.
((Your bite disrupts and absorbs the magic of your enemies.))
Potions cannot restore your health.
You are immune to rotting.


Message History

You turn into a venomous arachnid creature.
Your scarf of cloud immunity melds into your body.
Your +0 robe melds into your body.
You feel vulnerable to the effects of clouds.
Duvessa completely misses you. The scorpion completely misses you.
You hit Duvessa.
Duvessa is poisoned.
Duvessa is lightly wounded.
Duvessa completely misses you.
An orc comes into view. It is wielding a +0 club.
Duvessa hits you with a +0 short sword!
You hit Duvessa.
Duvessa looks as sick as possible!
Duvessa is lightly wounded.
The scorpion misses you. Duvessa hits you with a +0 short sword!
* * * LOW HITPOINT WARNING * * *
You hit Duvessa but do no damage.
Duvessa looks as sick as possible!
Duvessa is lightly wounded.
Duvessa hits you with a +0 short sword.
* * * LOW HITPOINT WARNING * * *
The scorpion closely misses you. Duvessa hits you with a +0 short sword.
You die...

#.# .# .# #.#
#.##.##.# #.#
#.#...... #)#
##o..#....
#.###........#
###.##......#..#
.######.#............
.........###..se.##.#
######.## #..s.....#
#.# #.....#### #.#
#....#.## #.#
#........ #.#
#....#.### #.#
##...... #.# ##...###
#.###.....#
#.......#.#


You could see Duvessa (berserk), a scorpion and an orc.

Vanquished Creatures
  Dowan (D:4)
  A scorpion (D:4)
  A hound (D:4)
  An orc priest (D:3)
  3 orc wizards
  Terence (D:2)
  An iguana (D:4)
  5 adders
  7 worms
  2 dart slugs (D:2)
  2 leopard geckos (D:3)
  10 orcs
  3 giant cockroaches
  5 goblins
  7 hobgoblins
  2 jackals (D:1)
  2 quokkas
  4 bats
  6 frilled lizards
  2 kobolds (D:2)
  9 rats
75 creatures vanquished.

Notes
Turn   | Place    | Note
-------+----------+-------------------------------------------
     0 | D:1      | Ivernyr the Vine Stalker Transmuter began the quest for the
                  | Orb.
     0 | D:1      | Reached XP level 1. HP: 9/9 MP: 4/4
    67 | D:1      | Reached skill level 1 in Fighting
   119 | D:1      | Reached XP level 2. HP: 13/14 MP: 6/6
   206 | D:1      | Learned a level 2 spell: Sticks to Snakes
   647 | D:2      | Reached XP level 3. HP: 13/18 MP: 4/7
   796 | D:2      | Learned a level 3 spell: Spider Form
  1903 | D:2      | Noticed a moth of wrath
  1904 | D:2      | Noticed Terence
  2162 | D:2      | Killed Terence
  2162 | D:2      | Gained mutation: Your natural rate of healing is unusually
                  | fast. [Vine Stalker growth]
  2162 | D:2      | Reached XP level 4. HP: 21/22 MP: 6/9
  2294 | D:2      | Found a bloodstained altar of Trog.
  2524 | D:3      | Found a white marble altar of Elyvilon.
  2589 | D:3      | Reached XP level 5. HP: 22/25 MP: 10/10
  2760 | D:3      | Found a deep blue altar of Sif Muna.
  3112 | D:4      | Reached XP level 6. HP: 30/30 MP: 7/12
  3547 | D:4      | Noticed Dowan
  3564 | D:4      | Killed Dowan
  3608 | D:4      | Noticed Duvessa
  3615 | D:4      | HP: 1/30 [Duvessa/+0 short sword (4)]
  3615 | D:4      | Slain by Duvessa

Skill      XL: |  1  2  3  4  5  6 |
---------------+-------------------+-----
Fighting       | 1 |  1.0
Dodging        | 2 3 |  3.0
Transmutations | 3 4 |  4.7
Spellcasting   | 3 |  3.7
Unarmed Combat | 4 |  4.2

Action                   |  1- 3 |  4- 6 || total
-------------------------+-------+-------++-------
Melee: Unarmed           |   120 |   190 ||   310
       Bite              |    25 |    37 ||    62
       Kick              |     6 |     4 ||    10
       Headbutt          |     6 |     3 ||     9
       Punch             |     1 |     2 ||     3
 Cast: Beastly Appendage |     6 |     6 ||    12
       Spider Form       |     1 |     8 ||     9
 Stab: Sleeping          |     3 |     1 ||     4
       Distracted        |       |     1 ||     1
  Eat: Chunk             |     4 |     5 ||     9
Armor: Robe              |    13 |    21 ||    34
       Skin              |       |     1 ||     1
Dodge: Dodged            |    49 |   111 ||   160
